[Event "*** SCC Grand Prix: Titled Tuesday Blitz"]
[Site "Chess.com"]
[Date "2020.08.11"]
[Round "8"]
[White "CzechmVIII"]
[Black "juancruzarias"]
[Result "1/2-1/2"]
[WhiteElo "2175"]
[BlackElo "2359"]
[TimeControl "180+1"]
[EndTime "11:34:54 PDT"]
[Termination "Game drawn by repetition"]

1. e4 e6 2. d4 d5 3. Nc3 Nf6 4. Bg5 Bb4 5. e5 h6 6. Bc1 Ne4 7. Qg4 Kf8 8. Ne2 c5 9. a3 Bxc3+ 10. bxc3 cxd4 11. cxd4 f5 12. Qg6 Nc6 13. f3 Qa5+ 14. c3 Nxd4 15. fxe4 Nc2+ 16. Kf2 Nxa1 17. Nf4 Nb3 18.
Be3 Qxc3 19. Qh5 Bd7 20. Ng6+ Kg8 21. Nxh8 f4 22. Bxf4 Rf8 23. Ng6 Be8 24. g3 Nd4 25. Be2 Qc2 26. Re1 Qxe4 27. Ne7+ Kh8 28. Qh3 Nc2 29. Rc1 Qd4+ 30. Kg2 Ne3+ 31. Bxe3 Qxe3 32. Rf1 Qxe2+ 33. Kg1 Qe3+ 34. Kh1 Qe4+ 35. Kg1 Rxf1+ 36.
Qxf1 Qd4+ 37. Kh1 Kh7 38. Qf8 Qe4+ 39. Kg1 Qe3+ 40. Kh1 Qe1+ 41. Kg2 Qe2+ 42. Kg1 Qe1+ 43. Kg2 Qe2+ 44. Kg1 Qe3+ 45. Kg2 Qe4+ 46. Kg1 Qd4+ 47. Kg2 Qb2+ 48. Kg1 Qb1+ 49. Kg2 Qc2+ 50. Kg1 Qd1+ 51. Kg2 Qe2+ 1/2-1/2

[Event "*** SCC Grand Prix: Titled Tuesday Blitz"]
[Site "Chess.com"]
[Date "2020.08.11"]
[Round "8"]
[White "igorknyazev"]
[Black "gusmaster2262"]
[Result "1-0"]
[WhiteElo "1964"]
[BlackElo "2200"]
[TimeControl "180+1"]
[EndTime "11:34:54 PDT"]
[Termination "igorknyazev won by resignation"]

1. e4 c6 2. d4 d5 3. Nc3 dxe4 4. Nxe4 Bf5 5. Ng3 Bg6 6. N1e2 e6 7. Nf4 Bd6 8. h4 Bxf4 9. Bxf4 h6 10. c3 Nf6 11.
Qb3 Qb6 12. O-O-O Nbd7 13. Bd6 O-O-O 14. Bd3 Bxd3 15. Rxd3 Qa6 16. Rhd1 Nb6 17. Be7 Rd5 18. Bxf6 gxf6 19. Ne4 Rhd8 20. Nxf6 Rb5 21. Qa3 Ra5 22.
Qb3 Rxa2 23. Ne4 Ra1+ 24. Kc2 Rxd1 25. Nc5 Qc4 26. Qxc4 Nxc4 27. Rxd1 b6 28. Nd3 Rg8 29. g3 Rg6 30. b3 Nd6 31. Ne5 Rf6 32. f4 Kc7 33. Rf1 h5 34. Kd3 Nf5 35. g4 hxg4 36.
Nxg4 Rg6 37. Ne5 Rg3+ 38. Kd2 f6 39. Nf3 Nd6 40. Ke2 Ne4 41. c4 Rg4 42. Rg1 Ng3+ 43. Kf2 Ne4+ 44. Ke3 Ng3 45. h5 f5 46. h6 Rg8 47. Ng5 Ne4 48. Nxe4 1-0

[Event "*** SCC Grand Prix: Titled Tuesday Blitz"]
[Site "Chess.com"]
[Date "2020.08.11"]
[Round "8"]
[White "bugbug01052018"]
[Black "Oleg_Papayan"]
[Result "0-1"]
[WhiteElo "2148"]
[BlackElo "2462"]
[TimeControl "180+1"]
[EndTime "11:34:55 PDT"]
[Termination "Oleg_Papayan won on time"]

1. e4 c5 2. Nf3 d6 3. d4 cxd4 4. Nxd4 Nf6 5. Nc3 a6 6. Be2 e5 7. Nb3 Be6 8. O-O Be7 9. Be3 O-O 10. Nd5 Nxd5 11. exd5 Bf5 12. c4 Nd7 13. Rc1 Rc8 14. Qd2 Bg6 15. Na5 Qc7 16. b4 f5 17.
f4 Nf6 18. fxe5 Ne4 19. Qb2 dxe5 20. c5 Bf6 21. d6 Qd7 22. Bc4+ Kh8 23. Bd5 f4 24.
Bf2 b6 25. Bxe4 Bxe4 26. Nb3 Qg4 27. Be1 f3 28. g3 Bg5 29. Rc2 Bxc2 30. Qxc2 e4 31.
Nd4 e3 32. Qd3 bxc5 33. bxc5 Rxc5 34. Nxf3 Rxf3 35. Rxf3 Qxf3 36. d7 Rd5 37. d8=Q+ Bxd8 38. Qa3 Rd7 39. h4 Rf7 40. Qa4 Qf1+ 41. Kh2 Rf8 42. Qb4 Qf7 43. Bc3 Qe7 44. Qc4 e2 45. Be1 h6 46.
Bb4 Qf7 47. Qc3 Re8 0-1

[Event "*** SCC Grand Prix: Titled Tuesday Blitz"]
[Site "Chess.com"]
[Date "2020.08.11"]
[Round "8"]
[White "ChessBitl"]
[Black "bratkoo"]
[Result "1/2-1/2"]
[WhiteElo "2446"]
[BlackElo "2555"]
[TimeControl "180+1"]
[EndTime "11:34:56 PDT"]
[Termination "Game drawn by repetition"]

1. e4 e6 2. a3 d5 3. Nc3 c5 4. exd5 exd5 5. d4 Nf6 6. Bg5 cxd4 7. Qxd4 Nc6 8. Bb5 Be7 9. Qa4 O-O 10. O-O-O Be6 11. Nge2 Ne5 12. Nf4 a6 13. Be2 b5 14.
Qd4 Nc6 15. Qe3 Bf5 16. Bxf6 Bxf6 17. Nfxd5 Re8 18. Nxf6+ Qxf6 19. Qc5 Rac8 20. Rd2 Qg5 21. g3 Ne5 22. f4 Qg6 23. Qd6 Re6 24. Qd4 Nc6 25.
Qc5 h5 26. Bf3 Bg4 27. Bxg4 Qxg4 28. Rhd1 Rce8 29. Nd5 Ne7 30. Nxe7+ R6xe7 31. b3 Kh7 32. Kb2 Re6 33. Rd8 Re2 34. Rxe8 Rxe8 35. Rd6 f6 36. Rxa6 Rc8 37. Qxb5 Qg6 38. Rc6 Rd8 39. a4 Qe4 40. Rc3 Qd4 41. Qc4 Qg1 42. Qe4+ Kh6 43. f5 Rd1 44. Qf4+ Kh7 45. Rc7 Rb1+ 46. Kc3 Qe1+ 47.
Qd2 Qe5+ 48. Kb4 Qxc7 49. Qe2 Rc1 50. Qxh5+ Kg8 51. Qe8+ Kh7 52. Qh5+ Kg8 53. Qe8+ Kh7 54. Qh5+ 1/2-1/2

[Event "*** SCC Grand Prix: Titled Tuesday Blitz"]
[Site "Chess.com"]
[Date "2020.08.11"]
[Round "8"]
[White "Spriteball"]
[Black "lucachess49"]
[Result "0-1"]
[WhiteElo "2124"]
[BlackElo "2446"]
[TimeControl "180+1"]
[EndTime "11:34:56 PDT"]
[Termination "lucachess49 won by resignation"]

1. c4 Nf6 2. Nc3 e6 3. e4 d5 4. e5 d4 5. exf6 dxc3 6. bxc3 Qxf6 7. d4 c5 8. Nf3 h6 9. Bd3 cxd4 10. cxd4 Bb4+ 11. Bd2 Bxd2+ 12. Qxd2 O-O 13. O-O Rd8 14. Qe3 Nc6 15. Rfe1 Nxd4 16. Nxd4 Qxd4 17. Qxd4 Rxd4 18. Rad1 Kf8 19. Be4 Rxd1 20. Rxd1 Ke7 21. f4 Rb8 22. c5 g5 23. g3 Bd7 24. Rb1 b5 25. c6 Bc8 26. a4 b4 27. Kf2 Kd6 28. Ke3 a5 29. Rd1+ Kc7 30. Kd4 b3 31. Kc3 b2 32. Rb1 gxf4 33. gxf4 Rb4 34. Bg2 Rxa4 35. Rxb2 Rxf4 36. Rb5 Rf2 37. Be4 f5 38. Bd3 Rxh2 39. Rxa5 Kxc6 40.
Ra8 Bb7 41. Re8 Kd7 42. Bb5+ Kd6 43. Rb8 Bd5 44. Rf8 Ke5 45. Bd3 h5 46. Rh8 h4 47.
Rh6 h3 48. Bf1 Bg2 49. Bd3 Rh1 50. Kd2 h2 51. Rh4 Be4 52. Be2 f4 53. Rh5+ Kd4 54.
Rh4 e5 55. Bg4 Ra1 56. Rxh2 Ra2+ 57. Ke1 Rxh2 58. Be2 Ke3 59. Bf1 Rh1 0-1

[Event "*** SCC Grand Prix: Titled Tuesday Blitz"]
[Site "Chess.com"]
[Date "2020.08.11"]
[Round "8"]
[White "coocloo"]
[Black "poppy73"]
[Result "0-1"]
[WhiteElo "2030"]
[BlackElo "2250"]
[TimeControl "180+1"]
[EndTime "11:34:56 PDT"]
[Termination "poppy73 won by resignation"]

1. e4 c5 2. c3 Nf6 3. e5 Nd5 4.
d4 cxd4 5. cxd4 e6 6. Nf3 Nc6 7. Bc4 d6 8. O-O Be7 9. Bxd5 exd5 10. Nc3 Be6 11. Bf4 O-O 12. Qb3 dxe5 13. Bxe5 Na5 14. Qd1 Rc8 15. Rc1 Nc4 16. b3 Nd6 17. h3 Ne4 18.
Nxe4 dxe4 19. Nd2 Rxc1 20. Qxc1 f6 21. Bf4 Qxd4 22. Be3 Qd5 23. Rd1 Rd8 24. Qc7 Rd7 25. Qb8+ Kf7 26. Qxa7 Bb4 27. Qb6 Bc3 28. Qa7 Qb5 29. Rc1 Bxd2 30. Bxd2 Rxd2 31. Re1 f5 32.
Qb8 Rd7 33. Qf4 g6 34. Qg5 Kg7 35. Qf4 Qd5 36. Qc1 Qd4 37. Qa3 Rc7 38. Rf1 Bf7 39.
Qa5 Rc2 40. b4 e3 41. b5 exf2+ 42. Kh1 Re2 43. Qc7 Re1 44. Qc3 Qxc3 0-1

[Event "*** SCC Grand Prix: Titled Tuesday Blitz"]
[Site "Chess.com"]
[Date "2020.08.11"]
[Round "8"]
[White "Irishchessman16"]
[Black "Bigfish1995"]
[Result "0-1"]
[WhiteElo "2385"]
[BlackElo "2942"]
[TimeControl "180+1"]
[EndTime "11:34:58 PDT"]
[Termination "Bigfish1995 won by resignation"]

1. e4 c5 2. Nf3 d6 3. d4 cxd4 4.
Nxd4 Nf6 5. Nc3 a6 6. h3 g6 7. g4 Bg7 8. Bg2 O-O 9. O-O Bd7 10. Be3 Nc6 11. Nb3 Ne5 12. Qe2 Rc8 13. Nd2 Rxc3 14.
bxc3 Bb5 15. c4 Nxc4 16. Nxc4 Qc7 17. Rfd1 Bxc4 18. Qd2 Rc8 19. a4 Nd7 20. Bd4 Bxd4 21. Qxd4 g5 22. Qe3 f6 23. e5 Nxe5 24. Rab1 b5 25.
axb5 axb5 26. Ra1 Kf7 27. Ra7 Qc5 28. Qxc5 dxc5 29. Bd5+ Bxd5 30. Rxd5 Ke6 31. Rd1 b4 32. Kf1 Ng6 33. Re1+ Kf7 34. Ke2 Rd8 35. Rc7 Nf4+ 36. Kf3 Ne6 37. Rb7 Rd2 38. Ra1 Nd4+ 39. Ke3 Re2+ 40.
Kd3 Rxf2 41. Re1 Nf3 42. Rexe7+ Kf8 43. Rxh7 Ne5+ 44. Ke4 Ng6 45. Rhc7 Re2+ 46. Kf5 Ne7+ 47. Kxf6 Nd5+ 48. Kxg5 Nxc7 49. Rxc7 Rxc2 50. h4 b3 51. h5 b2 52. Rb7 c4 53. h6 c3 54. h7 Rh2 55. Kf6 Rh6+ 56. Kf5 Rxh7 57. Rxh7 b1=Q+ 0-1

[Event "*** SCC Grand Prix: Titled Tuesday Blitz"]
[Site "Chess.com"]
[Date "2020.08.11"]
[Round "8"]
[White "Maksimus1998"]
[Black "Region_07"]
[Result "1-0"]
[WhiteElo "2525"]
[BlackElo "2415"]
[TimeControl "180+1"]
[EndTime "11:34:58 PDT"]
[Termination "Maksimus1998 won on time"]

1. e4 Nc6 2. Nf3 d6 3. d4 g6 4. Bd3 Bg7 5. c3 Bg4 6. Nbd2 e5 7. d5 Nb8 8. h3 Bc8 9. c4 Nf6 10. g4 O-O 11. Nf1 Nbd7 12. Ng3 Nc5 13. Bc2 a5 14.
Be3 c6 15. g5 Nfd7 16. dxc6 bxc6 17. Qxd6 Qb6 18. b3 Re8 19. Qd2 Qc7 20. Rd1 Bf8 21.
h4 Nxb3 22. Qe2 Nbc5 23. h5 Ne6 24. Kf1 Nf4 25. Qd2 Nc5 26. hxg6 hxg6 27. Ne2 Bh3+ 28. Kg1 Rad8 29. Qe1 Qc8 30. Ng3 Qg4 31. Nh2 Qxg5 32. Nf3 Qg4 33. Nh2 Qg5 34. Nf3 Qf6 35. Bxf4 exf4 36.
Rxh3 fxg3 37. Rxg3 Rxd1 38. Qxd1 Nxe4 39. Bxe4 Rxe4 40.
Ng5 Rf4 41. Qd2 Bc5 42. Nh3 Rf3 43. Kg2 Rxg3+ 44. fxg3 Qd4 45. Qxd4 Bxd4 46. Kf3 Kg7 47. Ke4 Bc5 48. g4 Kf6 49. g5+ Ke6 50. Nf4+ Kd6 51. Nd3 Ba3 52. Ne5 Bc1 53. Nxf7+ Ke6 54. Ne5 Bxg5 55.
Nxg6 1-0

[Event "*** SCC Grand Prix: Titled Tuesday Blitz"]
[Site "Chess.com"]
[Date "2020.08.11"]
[Round "8"]
[White "Oligan22"]
[Black "ferch1ni"]
[Result "0-1"]
[WhiteElo "2425"]
[BlackElo "2301"]
[TimeControl "180+1"]
[EndTime "11:34:59 PDT"]
[Termination "ferch1ni won by resignation"]

1. e4 c5 2. Be2 Nc6 3. f4 Nd4 4. Nf3 Nxe2 5. Qxe2 b6 6. d4 e6 7.
Nc3 Bb7 8. O-O Nf6 9. d5 Be7 10. Rd1 d6 11. dxe6 fxe6 12. e5 Nd5 13. Nxd5 exd5 14.
exd6 Qxd6 15. Re1 a5 16. f5 Ba6 17. Qe6 Qxe6 18. Rxe6 Ra7 19. Bg5 h6 20. Bh4 Bc8 21.
Rxb6 O-O 22. g4 d4 23. Re1 Bxh4 24. Nxh4 h5 25. Ng6 Rd8 26. h3 hxg4 27. hxg4 c4 28. Rd6 Rad7 29. Rde6 d3 30. Re8+ Kf7 31. R1e7+ Rxe7 32. Rxe7+ Kg8 33. cxd3 cxd3 34. Re1 Ba6 35. Ne5 d2 36. Rd1 Be2 37. Rxd2 Rxd2 38. Kf2 Rxb2 39. Ke3 Rxa2 40. g5 Bd1 41. Kd4 Ra3 42. Kc5 Bc2 43. f6 gxf6 44. gxf6 Re3 45. Kd6 Bb3 46.
Ng4 Rf3 47. Ke5 a4 48. Nh6+ Kh7 49. Nf7 Bxf7 0-1

[Event "*** SCC Grand Prix: Titled Tuesday Blitz"]
[Site "Chess.com"]
[Date "2020.08.11"]
[Round "8"]
[White "maximnovik"]
[Black "Meri-Arabidze"]
[Result "0-1"]
[WhiteElo "2458"]
[BlackElo "2602"]
[TimeControl "180+1"]
[EndTime "11:35:00 PDT"]
[Termination "Meri-Arabidze won on time"]

1. d4 d5 2. c4 e6 3. Nc3 Nf6 4. cxd5 exd5 5. Bg5 Nbd7 6. e3 Be7 7. Bd3 c6 8. Qc2 O-O 9. Nge2 Re8 10. O-O-O Nf8 11.
Kb1 b5 12. Nf4 a5 13. h4 a4 14. Nce2 Bd7 15. Bf5 Rc8 16. Ng3 c5 17. Bxd7 Qxd7 18. Qf5 Qb7 19. Bxf6 Bxf6 20. Nxd5 Bd8 21. dxc5 Ne6 22.
Ne4 Be7 23. Nxe7+ Qxe7 24. Rd5 Nc7 25. Nd6 Nxd5 26. Qxd5 Rcd8 27. Rd1 a3 28. bxa3 Rf8 29.
Rd4 Ra8 30. Kb2 Qa7 31. Rd3 b4 32. axb4 Rfb8 33. Rb3 Qxa2+ 34. Kc3 Qa1+ 35. Kc4 Qc1+ 36.
Rc3 Qf1+ 37. Qd3 Qxf2 38. Rb3 Qxh4+ 39. e4 Qe7 40. Qd5 Ra1 41. c6 Rc1+ 42. Rc3 Rb1 43. b5 Qa7 44. Qc5 Qa4+ 45. Kd5 Rd1+ 46. Ke5 f6+ 47. Ke6 Qa2+ 48. Rc4 Rxd6+ 49. Kxd6 Rd8+ 50. Kc7 Qa8 0-1

[Event "*** SCC Grand Prix: Titled Tuesday Blitz"]
[Site "Chess.com"]
[Date "2020.08.11"]
[Round "8"]
[White "aNaartjieZA"]
[Black "Tashik"]
[Result "1-0"]
[WhiteElo "2508"]
[BlackElo "2382"]
[TimeControl "180+1"]
[EndTime "11:35:00 PDT"]
[Termination "aNaartjieZA won on time"]

1. e4 e5 2. Nf3 Nc6 3. Bc4 Nf6 4. d3 h6 5. O-O d6 6. c3 g5 7. Nbd2 Bg7 8. a4 O-O 9. Ne1 d5 10. exd5 Nxd5 11. Nc2 Nb6 12. Bb5 a6 13. Bxc6 bxc6 14.
Ne4 f5 15. Nc5 Qd6 16. b4 a5 17. Ba3 Nd5 18. c4 axb4 19. Nxb4 Nxb4 20. Bxb4 Qg6 21. Ra2 Rd8 22. Qb3 Kh7 23. a5 f4 24. f3 Bf5 25. Ne4 g4 26. fxg4 Bxe4 27. dxe4 Qxe4 28. Qc2 Qxc2 29. Rxc2 c5 30. Bc3 Rd3 31. Re1 Kg6 32. Bxe5 Bxe5 33. Rxe5 Rxa5 34. h4 Rd4 35. Kh2 Kf6 36.
Rh5 Kg6 37. Re5 Kf6 38. Rf5+ Kg6 39. h5+ Kg7 40. Kh3 Ra3+ 41. Kh4 Ra5 42. g5 f3+ 43. Kg3 fxg2 44. Kxg2 hxg5 45. Rxg5+ Kh6 46. Re5 Rg4+ 47. Kf3 Rg5 48. Rxg5 Kxg5 49. Rh2 Kh6 50. Ke4 Ra3 51. Kd5 Rd3+ 52. Kxc5 Rc3 53. Kd5 Rc1 54. c5 Rc3 55. Kc6 Rc1 56. Re2 Kxh5 57. Re5+ Kg6 58. Kxc7 Kf6 59.
Kd6 1-0

[Event "*** SCC Grand Prix: Titled Tuesday Blitz"]
[Site "Chess.com"]
[Date "2020.08.11"]
[Round "8"]
[White "viktorskliarov"]
[Black "GregShahade"]
[Result "1/2-1/2"]
[WhiteElo "2598"]
[BlackElo "2720"]
[TimeControl "180+1"]
[EndTime "11:35:01 PDT"]
[Termination "Game drawn by stalemate"]

1. e4 e5 2. Nc3 Nf6 3. Bc4 Nc6 4. d3 Bc5 5. a3 O-O 6. h3 h6 7. Nge2 Nd4 8. Nxd4 exd4 9. Ne2 d5 10. exd5 Nxd5 11. O-O Be6 12. Ng3 c6 13. Qf3 Re8 14.
Bd2 Qh4 15. Rae1 Rad8 16. Nf5 Qf6 17. Nxh6+ gxh6 18. Bxd5 Qxf3 19. Bxf3 Kg7 20. Bf4 Be7 21. Be5+ Bf6 22. Bxf6+ Kxf6 23. Be4 Rc8 24. f4 b6 25. Kf2 c5 26. b3 b5 27. Kf3 c4 28. bxc4 bxc4 29.
g4 c3 30. h4 Rc5 31. g5+ Kg7 32. Rb1 h5 33. Rb4 Rd8 34. Rfb1 Ra5 35. a4 Rd6 36.
Rb7 Rxa4 37. f5 Bc8 38. Rc7 Rd8 39. g6 Rf8 40. Rb8 Bxf5 41. Rxf8 Bxe4+ 42. Kxe4 Kxf8 43. Rxf7+ Kg8 44. Rd7 Ra2 45. Kxd4 Rxc2 46. Rxa7 Rc1 47. Rc7 c2 48. Kd5 Rd1 49. Rxc2 Rxd3+ 50. Ke6 Rf3 51. Rc7 Rf4 52. Rf7 Rxf7 53. gxf7+ Kf8 54. Kf6 1/2-1/2

[Event "*** SCC Grand Prix: Titled Tuesday Blitz"]
[Site "Chess.com"]
[Date "2020.08.11"]
[Round "8"]
[White "zajka-molotok"]
[Black "paulrusan"]
[Result "1-0"]
[WhiteElo "2371"]
[BlackElo "2200"]
[TimeControl "180+1"]
[EndTime "11:35:01 PDT"]
[Termination "zajka-molotok won on time"]

1. c4 Nf6 2. Nc3 g6 3. e4 d6 4. f4 Bg7 5. Nf3 O-O 6. g3 c5 7. Bg2 Nc6 8. O-O Bg4 9. d3 Ne8 10. Be3 Nc7 11. h3 Bxf3 12. Qxf3 Ne6 13. g4 Ned4 14.
Qf2 f5 15. exf5 gxf5 16. g5 e6 17. Rae1 a6 18. h4 Rb8 19. h5 Qc7 20. h6 Bh8 21.
Qg3 Qf7 22. Rf2 Ne7 23. Bf3 Ng6 24. Kh1 b5 25. Bg2 bxc4 26. dxc4 Rfe8 27. b3 a5 28. Bd2 Kf8 29. Bc1 e5 30. Bd5 Ne6 31. fxe5 dxe5 32. Ref1 f4 33. Qg2 Qf5 34. Ne4 a4 35. Ba3 axb3 36. Nxc5 Nxc5 37. Bxc5+ Ne7 38. axb3 Rxb3 39. Rf3 Rxf3 40. Bxf3 e4 41. Bxe4 Qxc5 42. Bxh7 Nf5 43. Rxf4 Re1+ 44. Rf1 Rxf1+ 45. Qxf1 Qc6+ 46. Kh2 Be5+ 47.
Kh3 Qe4 48. Qxf5+ Qxf5+ 49. Bxf5 Bf4 50. Kg4 Be3 51. Kh5 Kg8 52. Kg6 Bc5 53. Kf6 Bd4+ 54. Ke6 Be3 55. g6 1-0

[Event "*** SCC Grand Prix: Titled Tuesday Blitz"]
[Site "Chess.com"]
[Date "2020.08.11"]
[Round "8"]
[White "VladimirBugayev"]
[Black "zala02"]
[Result "1-0"]
[WhiteElo "2336"]
[BlackElo "2190"]
[TimeControl "180+1"]
[EndTime "11:35:01 PDT"]
[Termination "VladimirBugayev won on time"]

1. e4 e5 2. Nf3 Nc6 3. Nc3 g6 4. d4 exd4 5. Nxd4 Bg7 6. Be3 Nge7 7. h4 h5 8. Qd2 d6 9. O-O-O Bd7 10. Nd5 f5 11.
Nxe7 Qxe7 12. exf5 O-O-O 13. Nxc6 Bxc6 14. fxg6 Qf6 15.
c3 Qxg6 16. Bd3 Be4 17. Bxe4 Qxe4 18. Qd5 Rde8 19. Qxe4 Rxe4 20. g3 Be5 21. Rhe1 Rf8 22. f4 Bf6 23. Bf2 Rxe1 24. Rxe1 Kd7 25. Kd2 a6 26. Kd3 d5 27. b3 Rg8 28. Re2 Kd6 29.
Be1 c5 30. a4 b5 31. axb5 axb5 32. Ra2 d4 33. Ra6+ Ke7 34. cxd4 Bxd4 35. b4 Bg1 36.
bxc5 Bxc5 37. Rc6 Bd6 38. Rb6 b4 39. Bxb4 Bxb4 40. Rxb4 Rxg3+ 41. Ke4 Rg4 42. Rb7+ Kf6 43. Rb6+ Kf7 44. Kf5 Rxh4 45. Rb7+ Kf8 46. Kf6 Ke8 47.
f5 Rf4 48. Re7+ Kf8 49. Rh7 Kg8 50. Rxh5 Rf1 51. Rh3 Rf2 52. Rb3 1-0

[Event "*** SCC Grand Prix: Titled Tuesday Blitz"]
[Site "Chess.com"]
[Date "2020.08.11"]
[Round "8"]
[White "sergiochess83"]
[Black "Anuar_Is"]
[Result "1-0"]
[WhiteElo "2830"]
[BlackElo "2706"]
[TimeControl "180+1"]
[EndTime "11:35:02 PDT"]
[Termination "sergiochess83 won by resignation"]

1. e4 c5 2. Nf3 Nc6 3. Bb5 g6 4.
O-O Bg7 5. c3 Nf6 6. Re1 O-O 7.
d4 cxd4 8. cxd4 d5 9. e5 Ne4 10.
Be3 Qb6 11. Bxc6 Qxc6 12. Nbd2 Bg4 13. h3 Nxd2 14. hxg4 Nxf3+ 15. Qxf3 Rac8 16. Rac1 Qb5 17. b3 f6 18. exf6 Bxf6 19. Qh3 Rxc1 20. Rxc1 Qd7 21.
g5 Qxh3 22. gxh3 Bg7 23. Rc7 e5 24. dxe5 Bxe5 25. Rd7 d4 26. Bxd4 Bxd4 27. Rxd4 Rf7 28. Kg2 Kg7 29. f4 h6 30. h4 hxg5 31. hxg5 Rc7 32. Kf3 b6 33. Rd6 Kf7 34. Ke4 Kg7 35.
Kd5 Rc5+ 36. Ke4 Rc7 37. a4 Kf7 38. Ke5 Rc5+ 39. Kd4 Rc7 40. b4 Kg7 41. a5 bxa5 42. bxa5 Kf7 43. a6 Rc1 44. Rf6+ Kg7 45. Kd5 Ra1 46. Rc6 Rd1+ 47. Ke5 Re1+ 48. Kd6 Rd1+ 49. Kc7 Rb1 50. Kc8 Kf7 51. Rf6+ Kg7 52. Kd8 Ra1 53. Re6 Kf7 54. Re7+ Kf8 55. Rxa7 Ra4 56. Kc8 Rxf4 57.
Rc7 Ra4 58. a7 1-0

[Event "*** SCC Grand Prix: Titled Tuesday Blitz"]
[Site "Chess.com"]
[Date "2020.08.11"]
[Round "8"]
[White "Matols"]
[Black "profofchess"]
[Result "1-0"]
[WhiteElo "2219"]
[BlackElo "2386"]
[TimeControl "180+1"]
[EndTime "11:35:02 PDT"]
[Termination "Matols won by resignation"]

1. d4 Nf6 2. c4 e6 3. g3 c5 4. d5 exd5 5. cxd5 d6 6. Nc3 g6 7.
Bg2 Bg7 8. Nf3 O-O 9. O-O a6 10.
a4 Re8 11. Nd2 Nbd7 12. Nc4 Ne5 13. Nxe5 Rxe5 14. Bf4 Re8 15. h3 h6 16. Qc2 g5 17.
Bd2 Rb8 18. a5 b5 19. axb6 Rxb6 20. e4 g4 21. h4 Nd7 22. Bf4 Ne5 23. Bxe5 Rxe5 24.
Ra2 Re7 25. Rfa1 Reb7 26. Bf1 Rb8 27. Bc4 Qf6 28. Na4 Rb4 29. b3 Qg6 30. Re1 f5 31.
exf5 Bxf5 32. Qe2 Kh7 33. Nb2 Rf8 34. Nd1 Bc8 35. Bd3 Bf5 36. Bc4 Bd4 37. Rxa6 Rf7 38. Qe8 Bc2 39. Re7 Rxe7 40. Qxe7+ Bg7 41. Ne3 Bxb3 42.
Bxb3 Rxb3 43. Ra7 Rb1+ 44. Kh2 h5 45. Nf5 Rf1 46. Qxg7+ Qxg7 47. Rxg7+ Kh8 48. Rf7 Rxf2+ 49. Kg1 Rf3 50. Nxd6 Kg8 51. Rxf3 gxf3 52. Kf2 Kf8 53. Kxf3 Ke7 54. Nc4 Kf6 55. d6 Ke6 56. g4 hxg4+ 57. Kxg4 1-0

[Event "*** SCC Grand Prix: Titled Tuesday Blitz"]
[Site "Chess.com"]
[Date "2020.08.11"]
[Round "8"]
[White "KyrgyzFighter"]
[Black "Euge_chess"]
[Result "1-0"]
[WhiteElo "2312"]
[BlackElo "2062"]
[TimeControl "180+1"]
[EndTime "11:35:02 PDT"]
[Termination "KyrgyzFighter won on time"]

1. c4 Nf6 2. Nc3 e6 3. e4 d5 4. e5 d4 5. exf6 dxc3 6. bxc3 Qxf6 7. Nf3 Nc6 8. Bd3 Bc5 9. Be4 h6 10. d4 Be7 11. O-O O-O 12. d5 exd5 13. cxd5 Ne5 14. h3 Bd6 15. Re1 Kh8 16. Rb1 Nxf3+ 17. Bxf3 b6 18.
c4 Bf5 19. Rb3 Rae8 20. Bb2 Qg6 21. Kh1 Bc2 22. Qd2 Rxe1+ 23. Qxe1 Bxb3 24. axb3 f6 25. g3 Re8 26. Qd1 Qf7 27. Bh5 g6 28. Bg4 Be5 29.
Be6 Qe7 30. Bxe5 fxe5 31. Qd2 Kh7 32. Kg2 Qf6 33. Qe3 Rf8 34. h4 h5 35. b4 e4 36. c5 Qf3+ 37. Qxf3 Rxf3 38. d6 cxd6 39. cxd6 Rd3 40. d7 Kg7 41. g4 Rd6 42. gxh5 gxh5 43. Bf5 Kf6 44. Bh3 Ke7 45. Kg3 Rd4 46. Kf4 Rxb4 47. Kg5 a5 48. Kxh5 a4 49. Kg6 a3 50.
Be6 Rd4 51. Ba2 Kxd7 52. h5 Rd6+ 53. Kg7 1-0

[Event "*** SCC Grand Prix: Titled Tuesday Blitz"]
[Site "Chess.com"]
[Date "2020.08.11"]
[Round "8"]
[White "keepitcool9499"]
[Black "gurelediz"]
[Result "0-1"]
[WhiteElo "2646"]
[BlackElo "2558"]
[TimeControl "180+1"]
[EndTime "11:35:04 PDT"]
[Termination "gurelediz won by checkmate"]

1. d4 Nf6 2. c4 e6 3. Nc3 Bb4 4. Bd2 O-O 5. e3 d5 6. Nf3 c6 7.
a3 Bxc3 8. Bxc3 Ne4 9. Qc2 Nd7 10. Bd3 f5 11. O-O Rf6 12. b4 Rh6 13. a4 g5 14. Ne5 g4 15. g3 Nxe5 16. dxe5 Ng5 17. h4 gxh3 18. f3 Bd7 19. Rad1 Kh8 20. Kh2 Qf8 21.
Bd2 Qg7 22. e4 fxe4 23. fxe4 Rg8 24. Bf4 dxc4 25. Bxc4 Bc8 26. Rd2 Rg6 27. Be2 Nf7 28. Qc3 Ng5 29. Qe3 Qe7 30. Bh5 R6g7 31. Rdf2 Bd7 32.
Rd2 Be8 33. Bxe8 Qxe8 34. Bxg5 Rxg5 35. Rf3 Qh5 36. Rd7 Qg6 37. Rxb7 Rg4 38. Rff7 Qh5 39. Rxh7+ Qxh7 40. Rxh7+ Kxh7 41. Kxh3 R8g7 42. Qf3 R4g5 43. Qf4 R5g6 44. Qh4+ Rh6 45. Qxh6+ Kxh6 46. g4 Kg5 47. Kg3 Rd7 48. Kf3 Rd3+ 49. Ke2 Rb3 50. b5 cxb5 51. axb5 Rxb5 52. Kd3 Rxe5 53. Kc4 Rxe4+ 54. Kc5 Rxg4 55. Kd6 Re4 56. Kc5 a5 57. Kb5 a4 58. Kc5 a3 59.
Kd6 a2 60. Ke7 a1=Q 61. Kd6 Qa6+ 62. Ke7 Rd4 63. Kf7 Qb7+ 64. Ke8 Rd7 65. Kf8 Qc8# 0-1

[Event "*** SCC Grand Prix: Titled Tuesday Blitz"]
[Site "Chess.com"]
[Date "2020.08.11"]
[Round "8"]
[White "Steven_Rojas"]
[Black "Lagravesamuell"]
[Result "1-0"]
[WhiteElo "2478"]
[BlackElo "2604"]
[TimeControl "180+1"]
[EndTime "11:35:04 PDT"]
[Termination "Steven_Rojas won by checkmate"]

1. c4 Nf6 2. Nc3 e5 3. Nf3 Nc6 4. e3 d5 5. cxd5 Nxd5 6. Bb5 Nxc3 7. bxc3 Bd6 8. d4 exd4 9. cxd4 O-O 10. O-O Bg4 11.
h3 Bh5 12. Re1 Qf6 13. Be2 Rad8 14. Nd2 Bxe2 15. Qxe2 Rfe8 16. Bb2 Bb4 17. Qd3 Ne5 18. Qc2 Ng6 19. Red1 Nh4 20. Nf1 Qg5 21. g3 Bd6 22. Qe2 h5 23. e4 f6 24. Kh2 Ng6 25. Qf3 h4 26. Bc1 hxg3+ 27. fxg3 Qa5 28. Be3 Qb5 29.
Bf2 Qc6 30. d5 Qc3 31. Qxc3 Rxe4 32. Qc2 Rde8 33. Re1 f5 34. Rxe4 fxe4 35. Re1 Ne5 36. Rxe4 Rf8 37. Kg2 Nf3 38. Qe2 b5 39. Rg4 Ne5 40. Qe4 Nxg4 41. Qxg4 Re8 42. Bd4 Re7 43. Ne3 Kf8 44. Nf5 Rf7 45. Nxd6 cxd6 46. Qc8+ Ke7 47.
Qc7+ Ke8 48. Qxd6 Rd7 49. Qe6+ Kd8 50. Bxg7 Rxg7 51. d6 Rd7 52. Qg8# 1-0

[Event "*** SCC Grand Prix: Titled Tuesday Blitz"]
[Site "Chess.com"]
[Date "2020.08.11"]
[Round "8"]
[White "kobemagic"]
[Black "meoluoi91"]
[Result "0-1"]
[WhiteElo "2295"]
[BlackElo "2497"]
[TimeControl "180+1"]
[EndTime "11:35:04 PDT"]
[Termination "meoluoi91 won on time"]

1. c4 c6 2. g3 d5 3. Bg2 Nf6 4. Nf3 Bf5 5. Qb3 Qb6 6. cxd5 cxd5 7. Nc3 e6 8. Qxb6 axb6 9. Nb5 Na6 10. O-O h6 11. d3 Be7 12. Bf4 O-O 13. Bd6 Bxd6 14. Nxd6 Bg6 15. Ne5 Bh5 16. f3 Nc5 17. g4 Bg6 18. Nxg6 fxg6 19. d4 Na4 20. Rab1 Rfd8 21.
Nb5 Rdc8 22. a3 Ra5 23. Nc3 Nxc3 24. bxc3 Nd7 25. Rb3 g5 26. e3 Kf7 27. f4 gxf4 28. exf4 Ke7 29. f5 Rc6 30. Re1 Nf6 31. fxe6 Nxg4 32.
c4 Nf6 33. cxd5 Nxd5 34. Rf3 Rxe6 35. Ref1 Ne3 36. Rf7+ Kd6 37. Rb1 b5 38. Bxb7 Rg6+ 39. Kh1 Rxa3 40. Rf2 Rg5 41. Bg2 Ng4 42. Rfb2 Ne3 43.
Be4 Ra4 44. Rxb5 Rxb5 45. Rxb5 Rxd4 46. Bf3 Rf4 47. Bg2 Rf2 48. Rb1 Rxg2 49. Re1 Nc2 50. Rd1+ Ke5 0-1

[Event "*** SCC Grand Prix: Titled Tuesday Blitz"]
[Site "Chess.com"]
[Date "2020.08.11"]
[Round "8"]
[White "aa175"]
[Black "Tekushka"]
[Result "1-0"]
[WhiteElo "2481"]
[BlackElo "2349"]
[TimeControl "180+1"]
[EndTime "11:35:04 PDT"]
[Termination "aa175 won on time"]

1. d4 Nf6 2. Bf4 c5 3. e3 Qb6 4.
Nc3 cxd4 5. exd4 a6 6. a3 d6 7. Be2 g6 8. Nf3 Bg7 9. O-O O-O 10. Qd2 Qc7 11. Rfe1 b6 12. Rad1 Bb7 13. Bg3 Nbd7 14. d5 b5 15. Bf1 Nb6 16. Bh4 Nfxd5 17. Nxd5 Nxd5 18. c4 bxc4 19. Rc1 c3 20. bxc3 Rfe8 21.
c4 Nf6 22. c5 Bxf3 23. gxf3 dxc5 24. Bg3 Qc6 25. Qa5 Nd7 26. f4 Rac8 27. Qxa6 Qxa6 28. Bxa6 Ra8 29. Bb5 Red8 30. Rxe7 Nf6 31. Bc4 Rf8 32. f5 Rxa3 33. fxg6 hxg6 34. Bd6 Nh5 35. Bxc5 Ra5 36. Rc7 Rxc5 37. Rxc5 Nf4 38. Rc7 Be5 39. Re7 Bd6 40.
Rd7 Be5 41. Kf1 Bf6 42. Rd6 Kg7 43. Bb3 Rb8 44. Bc4 Rb7 45. f3 Be5 46. Rd2 Nh5 47. Bd5 Ra7 48. Ra2 Rd7 49. Be4 Nf6 50. Kg2 Bf4 51. Re1 Rd4 52. Rae2 Bd6 53. Bc2 Nh5 54. Kg1 Nf4 55. Re4 Rd2 56. Rxf4 Bxf4 57. Be4 Bxh2+ 58. Kh1 Bg3 59. Rb1 Bf4 60. Rb7 1-0